 Dungeon Crawl Stone Soup version 0.26.1-2-gb8aa6d0cf2 (webtiles) character file.

Game seed: 7586112860040038127

17 Allula97 the Vexing (level 2, 0/20 HPs)
             Began as a Demonspawn Enchanter on Feb 26, 2021.
             Slain by a hobgoblin
             ... wielding a +0 club
              (6 damage)
             ... on level 1 of the Dungeon.
             The game lasted 00:05:55 (778 turns).

Allula97 the Vexing (Demonspawn Enchanter)           Turns: 778, Time: 00:05:55

Health: 0/20       AC:  4    Str:  8    XL:     2   Next: 44%
Magic:  3/5        EV: 12    Int: 16    God:
Gold:   21         SH:  0    Dex: 13    Spells: 2/5 levels left

rFire    x . .     SeeInvis .   (no weapon)
rCold    + . .     Faith    .   (no shield)
rNeg     . . .     Spirit   .   b - +0 robe
rPois    .         Reflect  .   (helmet restricted)
rElec    .         Harm     .   e - +1 cloak
rCorr    .         Rampage  .   (no gloves)
Will     .....                  (no boots)
Stlth    ++........             f - amulet of magic regeneration
HPRegen  0.06/turn              l - ring of ice
MPRegen  0.34/turn              (no ring)

@: flying
A: antennae 1
a: no special abilities


You were on level 1 of the Dungeon.
You visited 1 branch of the dungeon, and saw 1 of its levels.

You collected 21 gold pieces.

Inventory:

Hand Weapons
 a - a +1 dagger
 d - a +0 hunting sling
Missiles
 k - 27 stones
Armour
 b - a +0 robe (worn)
 e - a +1 cloak (worn)
 i - a +0 leather armour
Jewellery
 f - an amulet of magic regeneration (around neck)
 l - a ring of ice (left hand)
Scrolls
 c - a scroll of teleportation {unknown}
 h - a scroll of fear {unknown}
 j - a scroll of enchant weapon {unknown}


   Skills:
 * Level 0.3 Fighting
 - Level 0.9 Short Blades
 * Level 0.1 Armour
 * Level 1.8 Dodging
 * Level 2.8 Stealth
 * Level 0.2 Unarmed Combat
 * Level 2.1 Spellcasting
 * Level 3.4 Hexes


You had 2 spell levels left.
You knew the following spells:

 Your Spells              Type           Power        Failure   Level
a - Corona                Hex            13%          4%          1
b - Ensorcelled Hibernat  Hex/Ice        20%          16%         2

Your spell library contained the following spells:

 Spells                   Type           Power        Failure   Level
 Confusing Touch          Hex            12%          16%         3
 Tukima's Dance           Hex            12%          16%         3
 Dazzling Flash           Conj/Hex       14%          30%         3


Dungeon Overview and Level Annotations

Branches:
Dungeon (1/15)

Altars:


Innate Abilities, Weirdness & Mutations

You have a pair of small antennae on your head.


Message History

The goblin is severely wounded.
The goblin hits you.
* * * LOW HITPOINT WARNING * * *
You hit the goblin.
The goblin is almost dead.
The goblin barely misses you.
You hit the goblin.
You kill the goblin!
Your magical contamination has completely faded away.
Casting: Corona (safe; 4% risk of failure)
Confirm with . or Enter, or press ? or * to list all spells.
Aiming: Ensorcelled Hibernation (safe; 16% risk of failure)
Press: ? - help, Shift-Dir - straight line, f - hobgoblin
Aim: a hobgoblin, wielding a +0 club (chance to affect: 59%)
You feel a surge of power!
The hobgoblin looks drowsy...
The helpless hobgoblin fails to defend itself.
You hit the hobgoblin.
The hobgoblin is moderately wounded.
The hobgoblin hits you with a +0 club.
You die...

### #######
##.######### ......#
##.#)........
#####.####.###.#######
#........## ##.###
#.......## ##@.#
##........## ##.#g#
...........###.##.#
.#....>..#..#.###.#
.#.......#.#.## #.#
.#.......#.#.# #.#
.###.........# #.#
..##.###...### #.#
...#.# #...# #.##


You could see a hobgoblin.

Vanquished Creatures
  An ooze (D:1)
  A dart slug (D:1)
  3 goblins (D:1)
  A frilled lizard (D:1)
  4 kobolds (D:1)
  A rat (D:1)
11 creatures vanquished.

Notes
Turn   | Place    | Note
-------+----------+-------------------------------------------
     0 | D:1      | Allula97 the Demonspawn Enchanter began the quest for the
                  | Orb.
     0 | D:1      | Reached XP level 1. HP: 13/13 MP: 3/3
   291 | D:1      | Gained mutation: You have a pair of small antennae on your
                  | head. [demonic ancestry]
   291 | D:1      | Reached XP level 2. HP: 19/19 MP: 5/5
   339 | D:1      | Learned a level 2 spell: Ensorcelled Hibernation
   778 | D:1      | Slain by a hobgoblin

Illustrated notes

Levels and vault maps discovered:
D:1:      onia_arrival_mini_spirals, layout_loops_ring

Action                   || total
-------------------------++-------
Melee: Dagger            ||    27
       Unarmed           ||    55
 Cast: Corona            ||    11
       Ensorcelled Hiber ||     6
  Use: Potion            ||     1
 Stab: Sleeping          ||     5
Armor: Robe              ||    17
Dodge: Dodged            ||    42
